 Dungeon Crawl Stone Soup version 0.21-a0-42-gb537e02 (webtiles) character file.

99730 KristoblXynda the Thaumaturge (level 15, -11/72 HPs)
             Began as a Spriggan Enchanter on June 5, 2017.
             Was a Follower of Uskayaw.
             Engulfed by an ice statue's freezing vapour (29 damage)
             ... in an ice cave.
             The game lasted 01:31:47 (25777 turns).

KristoblXynda the Thaumaturge (Spriggan Enchanter) Turns: 25777, Time: 01:31:48

Health: -11/72     AC:  8    Str:  6    XL:     15   Next: 78%
Magic:  10/43      EV: 23    Int: 20    God:    Uskayaw [*.....]
Gold:   1950       SH:  7    Dex: 18    Spells: 22/42 levels left

rFire    . . .     SeeInvis +   a - +5 quick blade (freeze)
rCold    . . .     Gourm    .   Q - +0 buckler
rNeg     . . .     Faith    .   X - +0 steam dragon scales
rPois    +         Spirit   .   E - +2 hat {SInv}
rElec    .         Reflect  .   G - +0 cloak
rCorr    .         Harm     .   (gloves unavailable)
MR       ++...                  (boots unavailable)
Stlth    +++++.....             v - amulet of regeneration
Regen    0.7/turn               b - ring of magical power
MPRegen  0.3/turn               S - ring of poison resistance

@: very slightly contaminated, heavily drained, very quick
A: unfitting armour, see invisible, herbivore 3, speed 3, slow metabolism 2
a: Stomp, Renounce Religion


You were in an ice cave.
You worshipped Uskayaw.
Uskayaw was aware of your devotion.
You were not hungry.

You visited 4 branches of the dungeon, and saw 24 of its levels.
You also visited: Sewer and Ice Cave.

You collected 2914 gold pieces.
You spent 964 gold pieces at shops.

Inventory:

Hand Weapons
 a - a +5 quick blade of freezing (weapon)
Armour
 E - a +2 hat of see invisible (worn)
 G - a +0 cloak (worn)
 Q - a +0 buckler (worn)
 X - +0 steam dragon scales (worn)
Jewellery
 b - a ring of magical power (left hand)
 v - an amulet of regeneration (around neck)
 S - a ring of poison resistance (right hand)
Wands
 g - a wand of iceblast (0/15)
 i - a wand of disintegration (10/24)
 o - a wand of paralysis (0/24)
 y - a wand of acid (4/15)
 z - a wand of iceblast (4/15)
 J - a wand of digging (9/24)
 L - a wand of scattershot (5/9)
Scrolls
 n - a scroll of immolation
 x - 7 scrolls of teleportation
 M - a scroll of summoning
 T - a scroll of recharging
Potions
 c - 2 potions of ambrosia
 e - 4 potions of magic
 h - 5 potions of lignification
 j - 2 potions of haste {unknown}
 l - 2 potions of brilliance
 p - a potion of agility
 q - 8 potions of might
 r - 4 potions of invisibility
 s - 2 potions of cancellation {unknown}
 t - 7 potions of mutation
 w - 11 potions of flight
 B - 2 potions of curing
 D - 2 potions of resistance {unknown}
Miscellaneous
 m - a crystal ball of energy
 C - a lamp of fire
Comestibles
 d - 11 bread rations
 f - 21 fruits
 A - 16 royal jellies


   Skills:
 - Level 5.0(3.2) Fighting
 - Level 11.0(8.9) Short Blades
 - Level 5.4(3.6) Armour
 - Level 9.0(7.1) Dodging
 + Level 12.5(10.3) Stealth
 + Level 6.0(4.2) Shields
 + Level 14.3(12.1) Spellcasting
 + Level 13.3(11.1) Hexes
 - Level 10.4(8.3) Charms
 - Level 5.7(3.9) Translocations
 - Level 10.0(8.0) Invocations
 - Level 10.4(8.4) Evocations


You had 22 spell levels left.
You knew the following spells:

 Your Spells              Type           Power        Failure   Level  Hunger
a - Regeneration          Chrm/Necr      ####......   3%          3    None
b - Ensorcelled Hibernat  Hex/Ice        ####..       1%          2    None
c - Confuse               Hex            ######..     1%          3    None
d - Invisibility          Hex            ######..     11%         6    ######.
e - Blink                 Tloc           N/A          1%          2    None
f - Force Lance           Conj/Tloc      ###.....     30%         4    #......


Dungeon Overview and Level Annotations

Branches:
Dungeon (15/15)            Temple (0/1) D:6            Lair (6/6) D:8
  Swamp (0/4) Lair:2        Snake (0/4) Lair:3        Slime (0/5) Lair:5
    Orc (2/2) D:10            Elf (1/3) Orc:2        Vaults (0/5) D:14
 Depths (0/5) D:15

Altars:
Ashenzari
Cheibriados
Elyvilon
Fedhas
Hepliaklqana
Kikubaaqudgha
Nemelex Xobeh
Okawaru
Uskayaw
Vehumet
Xom
Yredelemnul
The Shining One
Beogh

Shops:
D:7 }(   D:8 }   D:11 ?   Orc:2 (*[(

Annotations:
Lair:6 exclusion: 3 oklob plants
Elf:1 exclusion: 2 ice statues IceCv exclusion: ice statue


Innate Abilities, Weirdness & Mutations

You are very small and have problems with some larger weapons.
You are too small for most types of armour.
You have supernaturally acute eyesight. (SInv)
You are a herbivore.
You cover ground extremely quickly.
You need consume almost no food.


Message History

Aim: an ice statue (heavily damaged)
The lance of force hits the ice statue.
The ice statue is severely damaged.
Casting: Force Lance
Confirm with . or Enter, or press ? or * to list all spells.
Aiming: Force Lance
Press: ? - help, Shift-Dir - straight line, f/p - ice statue
Aim: an ice statue (severely damaged)
You miscast Force Lance.
Your skin tingles.
The ice statue gestures at you. The freezing blast misses you.
You are engulfed in freezing vapours.
You are engulfed in freezing vapours.
You are engulfed in freezing vapours.
* * * LOW HITPOINT WARNING * * *
Unknown command.
Okay, then.
Okay, then.
You feel better.
You are engulfed in freezing vapours.
You die...

##...#..".##..##.#
#..####..##..##.#.
#..###..##..≈.#..#
##...##..###..#.##.
#
##§8.##...####..####
#..
#.§§####...####..##
#...#
###§#§####...##...#
#...##§#§##
##...##..# #..§@##
##......# ######
###...## #####


There were no monsters in sight!

Vanquished Creatures
  Saint Roka (Orc:2)
  Gastronok (D:9)
  Kirke (D:13)
  An orc warlord (Orc:1)
  Nessos (D:13)
  The ghost of Borgoz the Cleaver, a journeyman HOFi of Wu Jian (Orc:2)
  4 fire dragons
  Josephine (Lair:5)
  8 hydras
  An ice dragon (D:14)
  2 catoblepae
  4 centaur warriors
  11 two-headed ogres
  A death knight (D:14)
  Erica (D:9)
  3 orc high priests (Orc:2)
  A tengu warrior (D:13)
  Urug (D:14)
  Nergalle (Lair:4)
  3 unseen horrors (D:14)
  A swamp dragon (Lair:6)
  A wolf spider zombie (D:14)
  8 deep elf magi
  The ghost of Borgoz the Cudgeler, a novice DsGl (D:6)
  2 orc knights
  An oklob plant (Lair:5)
  A manticore (D:15)
  9 ugly things
  2 orc sorcerers
  6 cyclopes
  12 elephants
  Maurice (D:9)
  A black mamba (Lair:6)
  Joseph (D:8)
  A torpor snail (Lair:6)
  9 spiny frogs
  2 gargoyles (D:14)
  3 yaktaurs
  A freezing wraith (D:14)
  An efreet (D:14)
  9 komodo dragons
  4 rime drakes
  4 tengu conjurers
  4 trolls
  A meliai (D:14)
  3 slime creatures (D:6)
  2 polar bears (Lair:4)
  A queen bee (Lair:1)
  A harpy skeleton (D:14)
  7 dream sheep (Lair:6)
  7 blink frogs
  9 hippogriffs
  A centaur simulacrum (D:14)
  A tarantella (shapeshifter) (D:13)
  5 wyverns
  2 shadows (D:14)
  Sigmund (D:4)
  27 yaks
  A vampire (D:11)
  5 wraiths
  The ghost of roguesci the Chiller, an amateur DrIE (Sewer)
  17 humans
  2 hogs (D:13)
  4 hungry ghosts
  3 steam dragons (Lair:6)
  10 vampire mosquitoes
  A basilisk (Lair:6)
  4 nagas (Lair:3)
  6 wargs
  7 water moccasins
  2 acid dragons
  2 hydra simulacra (IceCv)
  11 porcupines
  47 orc warriors
  2 black bears
  3 sky beasts
  An eye of draining (D:11)
  2 ice beasts
  6 phantoms
  8 ogres
  3 necrophages
  13 centaurs
  6 crocodiles
  3 big kobolds
  13 bullfrogs
  4 wyvern zombies
  2 scorpions
  40 killer bees
  2 troll zombies (D:10)
  3 wights (D:9)
  2 electric eels (Lair:3)
  3 howler monkeys
  8 crimson imps
  2 bullfrog zombies
  3 centaur zombies
  A draconian simulacrum (IceCv)
  3 hounds
  4 jellies
  A bullfrog skeleton (D:10)
  26 orc priests
  4 centaur skeletons
  5 iguanas
  26 orc wizards
  A polar bear simulacrum (IceCv)
  14 worker ants
  3 ogre zombies (D:10)
  A hound skeleton (D:10)
  2 worker ant zombies (D:6)
  11 adders
  2 gnolls (D:2)
  A naga simulacrum (IceCv)
  5 river rats (D:4)
  4 shadow imps
  3 white imps (IceCv)
  An ufetubus (IceCv)
  8 oozes
  An adder zombie (D:7)
  2 adder skeletons
  8 worms
  A dart slug (D:2)
  10 leopard geckos
  124 orcs
  4 ball pythons
  8 giant cockroaches
  8 goblins
  11 hobgoblins
  10 jackals
  8 quokkas
  A ball python skeleton (D:5)
  18 bats
  6 frilled lizards
  3 goblin zombies
  A hobgoblin skeleton (D:10)
  2 hobgoblin zombies (D:10)
  A jackal zombie (D:8)
  17 kobolds
  2 leopard gecko skeletons
  An orc skeleton (D:10)
  13 orc zombies (D:10)
  8 rats
847 creatures vanquished.

Vanquished Creatures (others)
  An adder (D:6)
  A shadow imp (D:14)
  3 white imps (IceCv)
  2 ufetubi (IceCv)
  2 orcs (D:6)
  A quokka (D:6)
  9 fungi (D:6)
  4 plants (Lair:6)
  6 toadstools (D:6)
29 creatures vanquished.

Grand Total: 876 creatures vanquished

Notes
Turn   | Place    | Note
-------+----------+-------------------------------------------
     0 | D:1      | KristoblXynda the Spriggan Enchanter began the quest for the Orb.
     0 | D:1      | Reached XP level 1. HP: 9/9 MP: 5/5
   150 | D:1      | Reached skill level 3 in Spellcasting
   635 | D:1      | Reached XP level 2. HP: 8/13 MP: 7/7
  1264 | D:1      | Reached skill level 5 in Stealth
  1313 | D:1      | Learned a level 2 spell: Ensorcelled Hibernation
  1889 | D:2      | Reached XP level 3. HP: 14/16 MP: 0/9
  2406 | D:2      | Reached XP level 4. HP: 18/21 MP: 4/10
  2506 | D:2      | Learned a level 3 spell: Confuse
  2631 | D:2      | Found an iron altar of Okawaru.
  2651 | D:2      | Reached skill level 4 in Spellcasting
  2790 | D:3      | Found a hide-covered altar of Uskayaw.
  2876 | D:3      | Became a worshipper of Uskayaw the Reveler
  2882 | D:3      | Found a radiant altar of Vehumet.
  2928 | D:3      | Reached * piety under Uskayaw
  3014 | D:3      | Reached ** piety under Uskayaw
  3137 | D:3      | Found a glowing golden altar of the Shining One.
  3141 | D:3      | Found an ancient bone altar of Kikubaaqudgha.
  3148 | D:3      | Found a sparkling altar of Nemelex Xobeh.
  3214 | D:3      | Reached XP level 5. HP: 24/24 MP: 12/12
  3290 | D:3      | Reached skill level 5 in Hexes
  3893 | D:4      | Noticed Sigmund
  3900 | D:4      | Killed Sigmund
  3900 | D:4      | Reached skill level 5 in Spellcasting
  3900 | D:4      | Reached XP level 6. HP: 24/28 MP: 9/14
  4060 | D:4      | Found a glowing drain.
  4075 | Sewer    | Entered a sewer
  4484 | Sewer    | Noticed roguesci's ghost (amateur DrIE)
  4606 | Sewer    | Killed roguesci's ghost
  4606 | Sewer    | Reached XP level 7. HP: 4/32 MP: 1/16
  5176 | Sewer    | Reached *** piety under Uskayaw
  5405 | D:5      | Entered Level 5 of the Dungeon
  5414 | D:5      | Reached skill level 6 in Spellcasting
  5447 | D:5      | Found a blossoming altar of Fedhas.
  5768 | D:5      | Found a glowing golden altar of the Shining One.
  6344 | D:5      | Reached skill level 7 in Spellcasting
  6344 | D:5      | Reached XP level 8. HP: 35/35 MP: 3/19
  6464 | D:6      | Found a white marble altar of Elyvilon.
  6483 | D:6      | Noticed a two-headed ogre
  6507 | D:6      | Killed a two-headed ogre
  6507 | D:6      | Reached skill level 8 in Spellcasting
  6592 | D:6      | Reached XP level 9. HP: 15/39 MP: 13/22
  6643 | D:6      | Found a staircase to the Ecumenical Temple.
  6853 | D:6      | Reached skill level 9 in Spellcasting
  7096 | D:6      | Noticed Borgoz's ghost (novice DsGl)
  7097 | D:6      | Found a shimmering altar of Xom.
  7133 | D:6      | Killed Borgoz's ghost
  7133 | D:6      | Reached skill level 10 in Hexes
  7136 | D:6      | Reached skill level 5 in Short Blades
  7136 | D:6      | Reached **** piety under Uskayaw
  7200 | D:6      | Reached skill level 10 in Spellcasting
  7200 | D:6      | Reached skill level 1 in Invocations
  7341 | D:7      | Found Wualigesch's Quality Used Wands.
  7444 | D:7      | Found a hazy altar of Hepliaklqana.
  7621 | D:7      | Reached skill level 1 in Fighting
  8010 | D:7      | Found Gasoumy's Antique Weapon Shoppe.
  8085 | D:8      | Noticed a two-headed ogre
  8090 | D:8      | Killed a two-headed ogre
  8090 | D:8      | Reached XP level 10. HP: 46/46 MP: 25/25
  8114 | D:8      | Found Vutyscha's Gadget Emporium.
  8199 | D:8      | Bought a lamp of fire for 400 gold pieces
  8238 | D:8      | Found a staircase to the Lair.
  8352 | D:8      | Noticed Joseph
  8353 | D:8      | Found a runed door.
  8357 | D:8      | Found a basalt altar of Yredelemnul.
  8359 | D:8      | Killed Joseph
  8446 | D:8      | Noticed a two-headed ogre
  8448 | D:8      | Killed a two-headed ogre
  8720 | D:9      | Noticed Maurice
  8726 | D:9      | Killed Maurice
  8726 | D:9      | Reached skill level 5 in Evocations
  8760 | D:9      | Noticed Gastronok
  8794 | D:9      | Killed Gastronok
  8794 | D:9      | Reached skill level 5 in Invocations
  8927 | D:9      | Noticed Erica
  8952 | D:9      | Killed Erica
  8952 | D:9      | Reached XP level 11. HP: 34/54 MP: 17/26
  9314 | D:10     | Entered Level 10 of the Dungeon
  9341 | D:10     | Reached skill level 5 in Fighting
  9593 | D:10     | Found a staircase to the Orcish Mines.
  9619 | D:10     | Reached ***** piety under Uskayaw
  9681 | D:10     | Reached ****** piety under Uskayaw
 10788 | D:11     | Identified a scroll of acquirement
 11048 | D:11     | Found a shattered altar of Ashenzari.
 11084 | D:11     | Noticed a purple ugly thing
 11089 | D:11     | Reached skill level 5 in Dodging
 11107 | D:11     | Killed a purple ugly thing
 11309 | D:11     | Found Decim's Magic Scroll Shop.
 11414 | D:11     | Noticed a purple ugly thing
 11426 | D:11     | Killed a purple ugly thing
 11647 | D:11     | Bought a scroll of brand weapon for 340 gold pieces
 11746 | D:11     | Noticed a two-headed ogre
 11748 | D:11     | Killed a two-headed ogre
 12044 | D:12     | Learned a level 3 spell: Regeneration
 12282 | D:12     | Noticed a four-headed hydra
 12293 | D:12     | Killed a four-headed hydra
 12293 | D:12     | Reached skill level 10 in Evocations
 12293 | D:12     | Reached XP level 12. HP: 40/60 MP: 23/27
 12361 | D:12     | Noticed a two-headed ogre
 12390 | D:12     | Killed a two-headed ogre
 12739 | D:13     | Reached skill level 1 in Armour
 12798 | D:13     | Noticed a tengu warrior
 12812 | D:13     | Killed a tengu warrior
 12948 | D:13     | Noticed Kirke
 12959 | D:13     | Killed Kirke
 13215 | D:13     | Noticed Nessos
 13254 | D:13     | Killed Nessos
 13309 | D:14     | Noticed a two-headed ogre
 13314 | D:14     | Killed a two-headed ogre
 13332 | D:14     | Reached skill level 10 in Invocations
 13336 | D:14     | Noticed a two-headed ogre
 13357 | D:14     | Killed a two-headed ogre
 13357 | D:14     | Reached skill level 1 in Charms
 13511 | D:14     | Noticed a fire dragon
 13557 | D:14     | Killed a fire dragon
 13558 | D:14     | Reached XP level 13. HP: 20/63 MP: 14/28
 13641 | D:14     | Learned a level 6 spell: Invisibility
 13675 | D:14     | Reached skill level 10 in Short Blades
 13850 | D:14     | Reached skill level 5 in Charms
 13874 | D:14     | Reached skill level 5 in Armour
 14295 | D:14     | Found a snail-covered altar of Cheibriados.
 14378 | D:14     | Noticed Urug
 14387 | D:14     | Killed Urug
 14415 | D:14     | Reached skill level 11 in Spellcasting
 14647 | D:14     | Found a gate to the Vaults.
 14991 | D:14     | Reached XP level 14. HP: 52/68 MP: 30/30
 15258 | D:14     | Found a roughly hewn altar of Beogh.
 15280 | D:14     | Reached skill level 10 in Charms
 15511 | D:15     | Entered Level 15 of the Dungeon
 15964 | D:15     | Reached skill level 12 in Spellcasting
 16166 | D:15     | Found a basalt altar of Yredelemnul.
 16177 | D:15     | Reached skill level 1 in Shields
 16532 | D:15     | Found a staircase to the Depths.
 16845 | Lair:1   | Entered Level 1 of the Lair of Beasts
 17780 | Lair:2   | Found a staircase to the Swamp.
 19023 | Lair:3   | Found a staircase to the Snake Pit.
 19202 | Lair:3   | Reached skill level 13 in Spellcasting
 19799 | Lair:4   | Noticed Nergalle
 19818 | Lair:4   | Killed Nergalle
 20337 | Lair:5   | Noticed Josephine
 20348 | Lair:5   | Killed Josephine
 20418 | Lair:5   | Learned a level 2 spell: Blink
 20522 | Lair:5   | Reached skill level 1 in Translocations
 21232 | Lair:5   | Found a staircase to the Slime Pits.
 21239 | Lair:5   | Reached XP level 15. HP: 62/72 MP: 33/33
 21302 | Lair:6   | Entered Level 6 of the Lair of Beasts
 21485 | Lair:6   | Learned a level 4 spell: Force Lance
 22094 | Lair:6   | Reached skill level 5 in Translocations
 22240 | Lair:6   | Reached skill level 5 in Shields
 22978 | Orc:1    | Entered Level 1 of the Orcish Mines
 22982 | Orc:1    | Noticed an orc warlord
 23033 | Orc:1    | Killed an orc warlord
 23227 | Orc:2    | Entered Level 2 of the Orcish Mines
 23230 | Orc:2    | Found a roughly hewn altar of Beogh.
 23272 | Orc:2    | Noticed Borgoz's ghost (journeyman HOFi)
 23304 | Orc:2    | Killed Borgoz's ghost
 23304 | Orc:2    | Reached skill level 14 in Spellcasting
 23444 | Orc:2    | Found a roughly hewn altar of Beogh.
 23444 | Orc:2    | Found Pucouh's Assorted Antiques.
 23477 | Orc:2    | Bought a scroll labeled YPSALATSOZ for 32 gold pieces
 23477 | Orc:2    | Bought a scroll of identify for 64 gold pieces
 23477 | Orc:2    | Bought a runed glass wand for 128 gold pieces
 23672 | Orc:2    | Noticed Saint Roka
 24077 | Orc:2    | Found a roughly hewn altar of Beogh.
 24078 | Orc:2    | Found Tuva's Weapon Shop.
 24192 | Orc:2    | Found a staircase to the Elven Halls.
 24277 | Orc:2    | Found Olef's Antique Weapon Shop.
 24280 | Orc:2    | Found a roughly hewn altar of Beogh.
 24285 | Orc:2    | Found Eblahex's Antique Armour Boutique.
 24303 | Orc:2    | Killed Saint Roka
 24397 | Orc:2    | Found a roughly hewn altar of Beogh.
 25021 | Elf:1    | Entered Level 1 of the Elven Halls
 25087 | Elf:1    | Found a frozen archway.
 25113 | IceCv    | Entered an ice cave
 25777 | IceCv    | Engulfed by an ice statue's freezing vapour

Vault maps used:
D:1:      scummos_arrival_simple_crosswalls
D:2:      okawaru_altar_gauntlet_db
D:3:      lemuel_round_altar, minitemple, lemuel_coloured_pillars_altar
D:4:      first_bread, portal_sewer_entry_e, uniq_sigmund
D:5:      overflow_temple_1_default, tso_altar
D:6:      cheibrodos_fertilizer, xom_confusion_cloud,
          minmay_temple_entry_butterflies, elyvilon_altar_4
D:7:      serial_shops, shop, basic_altar, nicolae_for_you_no_charge
D:8:      lair_entry_dummy, serial_shops,
          nicolae_shop_competitors_out_of_business, grunt_ogre_cave,
          dk_yredelemnul_ordeal, uniq_joseph
D:9:      uniq_erica, uniq_maurice, uniq_gastronok
D:10:     zombieorc1_lemuel, stair_cage_wide
D:11:     serial_shops, shop, basic_altar
D:13:     hangedman_decor_diamond_cutter, uniq_kirke, uniq_nessos
D:14:     minmay_spiral_squares, david_vaults_3, basic_altar, special_room,
          minmay_misc_feat_doors
D:15:     grunt_enter_depths_hoard, lemuel_crystal_altar
Lair:2:   minmay_swamp_entry_swarm, infiniplex_staircase_pool_2, uniq_urug
Lair:3:   minmay_snake_entry_guardpost_small, minivault_26, serial_bayou_shore_a
Lair:4:   beast_lair_carwin_4, lemuel_fruit_tree, uniq_nergalle
Lair:5:   dpeg_slime_entry_corner, dpeg_oklob_1, uniq_josephine
Lair:6:   guppyfry_lair_end_dragon, grunt_megastairs_4,
          minmay_lair_oklob_chamber, lemuel_fruit_fields
Orc:2:    grunt_orc_community_town_hall, grunt_orc_community_big_house_1,
          grunt_orc_community_big_house_1, grunt_orc_community_house_2,
          grunt_orc_community_house_3, grunt_orc_community_house_1,
          grunt_orc_community_house_2, grunt_orc_community_house_2,
          mines_bat_river
Elf:1:    minmay_elf_arrival_plus, special_room, serial_co_window_serial,
          co_window_paths_b, co_window_corner_a, co_window_corner_a,
          co_window_of_opportunity_a, co_window_paths_b, co_window_corner_b,
          co_window_broadway_b, co_window_2corner, co_window_cross_2,
          co_window_paths_d, portal_ice_cave_entry_ice_statue_two, uniq_frances
Sewer:    sewer_fruit_machine
IceCv:    ice_cave_caverns_02

Skill      XL: |  1  2  3  4  5  6  7  8  9 10 11 12 13 14 15 |
---------------+----------------------------------------------+-----
Spellcasting   | 3 4 5 7 8 10 11 13 14 | 14.3
Stealth        | 5 6 7 8 9 11 12 | 12.5
Hexes          | 4 5 6 7 9 10 12 13 | 13.3
Short Blades   | 2 5 7 9 11 | 11.0
Invocations    | 2 5 8 10 | 10.0
Fighting       | 2 4 5 |  5.0
Evocations     | 2 7 10 | 10.4
Dodging        | 5 8 9 |  9.0
Armour         | 4 5 |  5.4
Charms         | 2 9 10 | 10.4
Shields        | 4 6 |  6.0
Translocations | 2 5 |  5.7

Action                   |  1- 3 |  4- 6 |  7- 9 | 10-12 | 13-15 || total
-------------------------+-------+-------+-------+-------+-------++-------
Melee: Dagger            |   142 |   272 |   333 |   338 |       ||  1085
       Quick blade       |       |       |       |   391 |  1854 ||  2245
       Rapier            |       |       |       |       |    16 ||    16
 Cast: Ensorcelled Hiber |    12 |    20 |     1 |    37 |    34 ||   104
       Confuse           |       |     5 |    31 |    69 |   162 ||   267
       Regeneration      |       |       |       |       |     3 ||     3
       Force Lance       |       |       |       |       |    12 ||    12
       Invisibility      |       |       |       |       |     2 ||     2
Evoke: Wand              |       |     1 |     3 |    13 |    19 ||    36
       Lamp of fire      |       |       |       |     2 |     3 ||     5
  Use: Scroll            |       |     8 |     5 |     9 |    17 ||    39
       Potion            |       |     4 |     2 |     2 |     4 ||    12
 Stab: Sleeping          |    15 |    28 |    22 |    57 |    67 ||   189
       Distracted        |       |     1 |     3 |     5 |     3 ||    12
       Confused          |       |     5 |    15 |    49 |   108 ||   177
       Paralysed         |       |       |     3 |    31 |    92 ||   126
       Invisible         |       |       |       |       |     6 ||     6
  Eat: Fruit             |       |     3 |     1 |     3 |     8 ||    15
       Royal jelly       |       |       |     2 |     1 |     4 ||     7
Armor: Robe              |    18 |    52 |    24 |    49 |       ||   143
       Troll leather arm |       |       |       |    10 |    59 ||    69
       Steam dragon scal |       |       |       |       |    37 ||    37
Dodge: Dodged            |   132 |   301 |   169 |   384 |   635 ||  1621
Block: Buckler           |       |       |       |       |   157 ||   157
